 Dungeon Crawl Stone Soup version 0.30-a0-1053-gbd8d5ba0ad (webtiles) character file.

Game seed: 4935280995833215876

171 jimonade the Slasher (level 5, -1/43 HPs)
             Began as a Barachi Fighter on Apr 11, 2023.
             Slain by an ogre
             ... wielding a +0 giant club
              (26 damage)
             ... on level 4 of the Dungeon.
             The game lasted 00:04:47 (2487 turns).

jimonade the Slasher (Barachi Fighter)              Turns: 2487, Time: 00:04:47

Health: -1/43      AC: 10    Str: 23    XL:     5   Next: 51%
Magic:  5/5        EV:  9    Int: 11    God:
Gold:   181        SH:  4    Dex: 11    Spells: 4/4 levels left

rFire   . . .      SeeInvis .    a - +0 long sword
rCold   . . .      Faith    .    c - +0 buckler
rNeg    . . .      Spirit   .    b - +0 scale mail
rPois   .          Reflect  .    (no helmet)
rElec   .          Rampage  .    (no cloak)
rCorr   .                        (no gloves)
Will    .....                    y - +2 pair of boots Stlth
                                 (no amulet)
HPRegen 0.27/turn                e - +6 ring of strength
MPRegen 0.09/turn                (no ring)

@: slow
A: amphibious, slowness 1, strong legs 1, +LOS
a: Hop


You were on level 4 of the Dungeon.
You visited 1 branch of the dungeon, and saw 4 of its levels.

You collected 181 gold pieces.

Inventory:

Hand Weapons
 a - a +0 long sword (weapon)
 k - a +0 whip
 l - a +0 long sword
 n - a +0 trident
 t - a +0 war axe
 z - a +1 flail of draining
Missiles
 g - a poisoned dart (quivered)
 m - 25 stones
Armour
 b - a +0 scale mail (worn)
 c - a +0 buckler (worn)
 u - a +0 ring mail
 y - a +2 pair of boots (worn)
Jewellery
 e - a +6 ring of strength (left hand)
Scrolls
 f - 2 scrolls of identify {unknown}
 i - 2 scrolls of teleportation {unknown}
 p - 4 scrolls of poison {unknown}
 r - a scroll of noise {unknown}
 s - 2 scrolls of enchant armour {unknown}
 v - a scroll of enchant weapon {unknown}
 w - a scroll of magic mapping {unknown}
 x - a scroll of fear {unknown}
Potions
 d - a potion of might
 h - a potion of berserk rage {unknown}
 j - 2 potions of mutation {unknown}
 o - a potion of heal wounds {unknown}
 q - a potion of curing {unknown}
 A - a potion of lignification {unknown}


   Skills:
 + Level 4.5 Fighting
 + Level 5.0 Long Blades
 + Level 4.5 Armour
 + Level 0.3 Dodging
 + Level 0.2 Stealth
 + Level 3.6 Shields


You had 4 spell levels left.
You didn't know any spells.
Your spell library contained the following spells:

 Spells                   Type           Power      Damage    Failure   Level
 Sandblast                Erth           0%         2d4       75%         1
 Passwall                 Tmut/Erth      0%         N/A       86%         2
 Stone Arrow              Conj/Erth      0%         3d7       98%         3


Dungeon Overview and Level Annotations

Branches:
Dungeon (4/15)
 Temple: D:4-7

Altars:

Shops:
D:1 ?


Innate Abilities, Weirdness & Mutations

You are amphibious.
You cover ground slowly.
You can hop short distances.
You have an extended range of vision and can be seen from far away.


Message History

The ogre shouts!
Throw: 6 darts (poison)
Press: ? - help, Q - select action, (/) - cycle Shift-Dir - straight line, f - ogre
Aim: an ogre, wielding a +0 giant club (73% to hit)
You throw a poisoned dart. The poisoned dart hits the ogre.
Throw: 5 darts (poison)
Press: ? - help, Q - select action, (/) - cycle Shift-Dir - straight line, f/p - ogre
Aim: an ogre, wielding a +0 giant club (73% to hit)
You throw a poisoned dart. The poisoned dart hits the ogre.
The ogre is poisoned.
Throw: 4 darts (poison)
Press: ? - help, Q - select action, (/) - cycle Shift-Dir - straight line, f/p - ogre
Aim: an ogre, wielding a +0 giant club (lightly wounded, poisoned, 73% to hit)
You throw a poisoned dart. The poisoned dart hits the ogre.
The ogre looks even sicker.
The ogre is lightly wounded.
Throw: 3 darts (poison)
Press: ? - help, Q - select action, (/) - cycle Shift-Dir - straight line, f/p - ogre
Aim: an ogre, wielding a +0 giant club (lightly wounded, very poisoned, 73% to hit)
You throw a poisoned dart. The poisoned dart hits the ogre.
The ogre is lightly wounded.
Throw: 2 darts (poison)
Press: ? - help, Q - select action, (/) - cycle Shift-Dir - straight line, f/p - ogre
Aim: an ogre, wielding a +0 giant club (lightly wounded, very poisoned, 73% to hit)
You throw a poisoned dart. The poisoned dart hits the ogre.
The ogre looks even sicker.
The ogre is lightly wounded.
You hit the ogre.
The ogre is moderately wounded.
The ogre closely misses you.
You hit the ogre but do no damage.
The ogre is heavily wounded.
The ogre hits you with a +0 giant club!!
You hit the ogre.
The ogre is severely wounded.
You hit the ogre.
The ogre is almost dead.
The ogre hits you with a +0 giant club!!
Ouch! That really hurt!
You die...

#.#
#.#
#.#
#.#
#[#
#.#
#.#
#.#
#.#
#.#
#.#
#.#
#>#
###.#
#.#
#...#
#.#
#@###
#.#
#O#
.<#
#(#
###
#(#
#(#
#(#
#.#
#(#
#.#


You could see an ogre (very poisoned).

Vanquished Creatures
  3 gnolls (D:3)
  4 adders
  2 worms
  3 dart slugs
  4 orcs (D:4)
  6 ball pythons
  9 endoplasms
  2 giant cockroaches
  9 goblins
  11 hobgoblins
  5 jackals
  3 quokkas
  4 bats
  5 frilled lizards
  5 kobolds
  9 rats
84 creatures vanquished.

Notes
Turn   | Place    | Note
-------+----------+-------------------------------------------
     0 | D:1      | jimonade the Barachi Fighter began the quest for the Orb.
     0 | D:1      | Reached XP level 1. HP: 18/18 MP: 1/1
    70 | D:1      | Reached XP level 2. HP: 16/25 MP: 2/2
   324 | D:1      | Found Umyeheh's Magic Scroll Shop.
   388 | D:1      | Reached skill level 3 in Long Blades
   388 | D:1      | Reached XP level 3. HP: 30/30 MP: 3/3
  1112 | D:2      | Reached XP level 4. HP: 33/38 MP: 4/4
  1115 | D:2      | Reached skill level 4 in Long Blades
  1689 | D:3      | Found a faded altar of an unknown god.
  1924 | D:3      | Reached XP level 5. HP: 43/43 MP: 5/5
  2423 | D:4      | Reached skill level 5 in Long Blades
  2478 | D:4      | Noticed an ogre
  2487 | D:4      | Slain by an ogre

Illustrated notes

Levels and vault maps discovered:
D:1:      heliophobic_arrival_ceremonial_halls, layout_loops_ring, serial_shops,
          shop, nicolae_wormholes
D:2:      wad_crossroads, layout_loops_ring, minmay_pentomino_v2
D:3:      layout_basic, nicolae_ecumenical_lake_church, kennysheep_flooded_box,
          chequers_serial_rivers_micro_d
D:4:      layout_loops_ring, nrook_uturn, corexii_checkpoint_a,
          nicolae_zen_rock_garden, uniq_menkaure

Skill      XL: |  1  2  3  4  5 |
---------------+----------------+-----
Fighting       | 4 |  4.5
Long Blades    | 3 4 5 |  5.0
Armour         | 4 |  4.5
Dodging        | |  0.3
Stealth        | |  0.2
Shields        | |  3.6

Action                     |  1- 3 |  4- 6 || total
---------------------------+-------+-------++-------
  Melee: Long sword        |   121 |   113 ||   234
  Throw: Dart              |       |     5 ||     5
 Armour: Scale mail        |    44 |    45 ||    89
  Dodge: Dodged            |    52 |    49 ||   101
  Block: Buckler           |    33 |    16 ||    49

Table legend: (Time is in decaauts)
 A = Elapsed time spent in this place.
 B = Non-inter-level travel time spent in this place.
 C = Inter-level travel time spent in this place.
 D = Time resting spent in this place.
 E = Time spent auto-exploring this place.
 F = Levels seen in this place.
 G = Mean time per level.
                   A        B        C        D        E       F      G
               +--------+--------+--------+--------+--------+-----+--------+
         Total |   2936 |   2768 |    168 |      0 |   2028 |   4 |  734.0 |
       Dungeon |   2936 |   2768 |    168 |      0 |   2028 |   4 |  734.0 |
               +--------+--------+--------+--------+--------+-----+--------+

Top non-repeatable levels by time:
     D:1: 1043 daAuts
     D:2: 945 daAuts
     D:3: 846 daAuts
     D:4: 101 daAuts
